Map: Dusk Towers

Players

oCRaM

  • Race: Zerg Zerg
  • League: Master

MorN - Winner!

  • Race: Terran Terran
  • League: Master

VOD

Have the link to the VOD?

Description

Time

  • Played on: Nov. 22, 2015, 7:59 p.m.
  • Length: 22:22
Show
View Real Time Build Order
Export as new Build Order

oCRaM Zerg 

Build Orders: Hatch First, Lurkers, Muta Ling Bane 

Get SALT Encoding   

  12  0:01  Drone  
  13  0:14  Overlord  
  13  0:18  Drone  
  14  0:33  Drone x2  
  16  0:36  Drone  
  17  0:47  Drone  
  18  1:00  Hatchery  
  18  1:03  Drone  
  18  1:13  Spawning Pool  
  18  1:16  Drone  
  18  1:18  Extractor  
  17  1:20  Drone  
  18  1:30  Drone  
  19  1:43  Hatchery  
  18  1:47  Drone  
  18  1:52  Drone  
  20  2:00  Queen  
  22  2:12  Queen  
  24  2:16  Overlord  
  24  2:21  Zergling x2  
  25  2:25  Metabolic Boost  
  25  2:29  Drone  
  26  2:37  Spore Crawler  
  26  2:45  Zergling x4  
  26  2:50  Drone x2  
  30  2:56  Overlord  
  30  3:03  Queen  
  32  3:06  Zergling x2  
  33  3:16  Zergling x4  
  33  3:18  Drone x2  
  37  3:31  Drone x3  
  37  3:32  Drone x3  
  43  3:39  Drone x2  
  43  4:04  Drone  
  43  4:05  Drone x6  
  43  4:07  Overlord x3  
  50  4:15  Baneling Nest, Overlord  
  49  4:24  Overlord  
  49  4:29  Lair  
  49  4:31  Extractor  
  49  4:32  Drone x2, Extractor  
  49  4:33  Drone x4  
  53  4:39  Spine Crawler  
  53  4:40  Drone  
  53  4:41  Drone x2  
  53  4:44  Drone x2  
  57  4:49  Drone x2  
  57  4:50  Drone  
  60  4:58  Drone x3  
  63  5:02  Drone x3, Extractor  
  63  5:04  Drone x2  
  67  5:11  Zergling x6  
  67  5:12  Zergling x4  
  71  5:17  Zergling x2  
  71  5:18  Zergling x4  
  74  5:37  Drone x3, Extractor  
  74  5:38  Extractor  
  74  5:40  Drone x2  
  74  5:41  Spire  
  76  5:44  Spore Crawler  
  76  5:48  Drone x3  
  76  5:49  Evolution Chamber x2  
  76  5:51  Baneling x2  
  76  5:52  Baneling x4  
  76  5:57  Drone  
  76  5:59  Drone  
  76  6:00  Drone x2  
  76  6:02  Centrifical Hooks  
  80  6:06  Queen  
  82  6:14  Overlord x4  
  82  6:18  Zerg Melee Weapons Level 1  
  82  6:19  Zerg Ground Armor Level 1  
  82  6:37  Spore Crawler  
  82  6:38  Drone x2  
  82  6:39  Drone x3  
  86  6:42  Zergling x8  
  86  6:43  Zergling x14  
  97  7:02  Mutalisk  
  97  7:03  Hatchery, Mutalisk x5  
  97  7:08  Mutalisk x2  
  108  7:09  Mutalisk  
  114  7:16  Overlord x3  
  114  7:20  Zerg Flyer Weapons Level 1  
  114  7:32  Overseer  
  94  8:00  Mutalisk x4  
  94  8:01  Mutalisk x2  
  103  8:14  Drone  
  103  8:15  Drone x4  
  103  8:18  Drone  
  103  8:19  Drone x7  
  117  8:20  Drone x7  
  117  8:26  Overlord, Zerg Ground Armor Level 2, Zerg Melee Weapons Level 2  
  123  8:32  Overlord x3  
  123  8:34  Pneumatized Carapace  
  123  8:43  Overlord x3  
  123  8:45  Extractor  
  123  8:46  Spore Crawler  
  123  8:47  Extractor  
  120  8:49  Spine Crawler  
  120  8:54  Mutalisk x4  
  127  9:18  Zergling x16  
  127  9:19  Zergling x22  
  146  9:30  Hatchery  
  145  9:34  Zerg Flyer Weapons Level 2  
  145  9:41  Baneling x12  
  145  9:42  Baneling x8  
  145  9:44  Zergling x6  
  145  9:45  Zergling x10  
  153  9:49  Overseer x3  
  153  9:52  Zergling x2  
  154  9:53  Zergling x10  
  154  10:06  Baneling x8  
  154  10:07  Baneling x4  
  134  10:10  Zergling x2  
  134  10:11  Zergling x22  
  141  10:20  Baneling x2  
  141  10:21  Baneling x9  
  121  10:40  Zergling x6  
  121  10:41  Zergling x32  
  127  10:53  Zergling x4  
  127  10:54  Zergling x8  
  131  10:59  Baneling x8  
  131  11:00  Baneling x11  
  131  11:01  Baneling x7  
  131  11:06  Hydralisk Den, Zergling x14  
  131  11:09  Queen  
  139  11:15  Baneling x11  
  139  11:18  Mutalisk x4  
  147  11:26  Drone x4  
  151  11:37  Lurker Den  
  151  11:42  Mutalisk x4  
  151  11:43  Hatchery  
  158  11:48  Drone  
  128  12:11  Zergling x2  
  128  12:12  Zergling x26  
  128  12:13  Zergling x28  
  135  12:37  Zergling x2  
  135  12:38  Zergling x22  
  135  12:43  Baneling  
  135  12:44  Baneling x6  
  147  12:48  Queen  
  149  12:56  Hydralisk x6  
  149  12:58  Mutalisk x5, Infestation Pit  
  161  13:03  Baneling x9  
  161  13:04  Baneling  
  170  13:11  Queen  
  172  13:19  Mutalisk x4  
  172  13:23  Queen  
  172  13:24  Lurker x2  
  184  13:27  Lurker  
  184  13:28  Lurker x2  
  187  13:48  Zergling x16  
  195  14:16  Overlord x3  
  195  14:20  Baneling x6  
  195  14:21  Baneling x19  
  144  14:45  Drone  
  144  14:46  Drone x7, Queen  
  144  14:47  Drone  
  144  14:51  Hive  
  155  14:53  Mutalisk  
  155  14:54  Zergling x2  
  155  14:55  Zergling x32  
  174  15:04  Zergling x6  
  174  15:05  Zergling x2  
  178  15:17  Zergling x12  
  178  15:20  Baneling  
  178  15:21  Baneling x17  
  184  15:22  Baneling x11  
  184  15:24  Zergling x2  
  184  15:25  Zergling x12  
  178  15:49  Baneling x13  
  158  16:03  Hydralisk x3  
  158  16:04  Hydralisk x4  
  160  16:09  Zergling x22  
  160  16:10  Zergling x6  
  184  16:15  Extractor  
  184  16:16  Extractor  
  176  16:32  Lurker  
  172  16:33  Lurker x3  
  172  16:36  Baneling x5  
  172  16:37  Baneling x12  
  172  16:38  Zergling x12  
  181  16:51  Spine Crawler  
  181  16:52  Spine Crawler  
  181  16:53  Spine Crawler  
  178  16:58  Lurker x4  
  154  17:17  Zergling x2  
  154  17:18  Zergling x38  
  154  17:19  Zergling x2  
  108  17:52  Hydralisk  
  108  17:53  Hydralisk x11  
  132  18:01  Spine Crawler  
  132  18:02  Spine Crawler  
  130  18:15  Baneling  
  130  18:16  Baneling x9  
  130  18:25  Lurker x3  
  130  18:26  Lurker  
  132  18:36  Hatchery  
  118  18:54  Mutalisk  
  118  18:55  Mutalisk x10  
  128  19:17  Hydralisk x4  
  128  19:23  Extractor  
  135  19:26  Zergling x2  
  135  19:27  Zergling x20  
  146  19:37  Overseer x2  
  146  19:40  Zerg Melee Weapons Level 3  
  146  19:46  Extractor  
  146  19:51  Lurker  
  146  19:52  Lurker  
  138  20:02  Zergling x2  
  138  20:03  Zergling x22  
  150  20:07  Lurker  
  150  20:22  Hatchery, Baneling  
  150  20:23  Baneling x6  
  150  20:27  Zergling x2  
  150  20:30  Drone x4  
  150  20:31  Drone  
  155  20:39  Hydralisk x3  
  161  20:45  Baneling x5  
  161  20:46  Baneling  
  159  21:10  Hydralisk x3  
  163  21:13  Extractor  
  162  21:21  Overlord  
  162  21:22  Overlord x2  
  162  21:24  Hatchery  
  161  21:36  Lurker  
Show
View Real Time Build Order
Export as new Build Order

MorN Terran - Winner!

Build Orders: Reaper Expand, MMM Bio 

Get SALT Encoding   

  12  0:01  SCV  
  13  0:13  SCV  
  14  0:18  Supply Depot  
  14  0:25  SCV  
  15  0:40  SCV  
  15  0:41  Barracks  
  16  0:45  Refinery  
  16  0:52  SCV  
  17  1:04  SCV  
  18  1:16  SCV  
  19  1:30  Reaper  
  19  1:31  Orbital Command  
  20  1:43  Command Center  
  20  1:54  Supply Depot  
  20  1:58  SCV  
  21  2:02  Reaper  
  22  2:15  SCV  
  23  2:25  Factory  
  23  2:27  SCV  
  23  2:29  Refinery  
  24  2:39  SCV  
  25  2:45  Barracks Reactor  
  26  2:51  SCV  
  26  2:54  Command Center  
  26  2:57  Orbital Command  
  26  3:03  SCV  
  27  3:15  SCV  
  27  3:16  Factory Tech Lab, Starport  
  28  3:22  SCV  
  29  3:27  SCV  
  29  3:31  Marine x2  
  32  3:35  SCV  
  32  3:37  Siege Tank  
  32  3:39  SCV  
  37  3:47  SCV  
  38  3:48  Marine x2  
  38  3:51  SCV  
  41  3:59  SCV  
  42  4:04  Medivac  
  42  4:06  SCV  
  45  4:17  Orbital Command  
  45  4:19  Barracks  
  45  4:20  SCV  
  45  4:22  Barracks  
  45  4:23  Factory Reactor  
  46  4:24  Combat Shields  
  46  4:26  SCV  
  46  4:29  Refinery  
  46  4:30  Refinery  
  47  4:31  Marine  
  47  4:32  SCV  
  47  4:38  SCV  
  50  4:41  Starport Reactor  
  50  4:44  SCV x2, Engineering Bay  
  50  4:45  Engineering Bay  
  52  4:49  Marine  
  52  4:50  SCV  
  54  4:56  SCV  
  55  5:07  Marine  
  55  5:08  Barracks  
  55  5:09  Factory Reactor  
  55  5:11  Barracks  
  56  5:20  Marine x2  
  58  5:23  Terran Infantry Weapons Level 1, Supply Depot, Terran Infantry Armor Level 1  
  58  5:25  Marine  
  56  5:30  Marine x2  
  56  5:32  Medivac  
  60  5:37  Supply Depot  
  60  5:38  Supply Depot x2, Marine  
  61  5:44  Medivac  
  61  5:45  Stimpack  
  61  5:48  Widow Mine  
  61  5:49  Marine x2, Widow Mine  
  68  5:50  Orbital Command  
  69  5:58  Marine x3  
  69  6:00  Barracks Reactor  
  69  6:01  Barracks Reactor  
  72  6:07  Missile Turret, Marine x2  
  72  6:09  SCV x2  
  76  6:12  Supply Depot  
  76  6:16  Marine x3  
  76  6:18  SCV  
  80  6:24  SCV x2  
  80  6:25  Marine x2  
  83  6:27  Medivac, Widow Mine x2  
  83  6:29  Medivac  
  83  6:30  Supply Depot  
  92  6:34  Marine x3  
  92  6:35  SCV  
  96  6:43  Marine x2  
  96  6:44  SCV x2  
  100  6:47  SCV  
  100  6:50  Supply Depot  
  100  6:51  Marine x4  
  105  6:56  SCV x2  
  105  6:59  SCV  
  108  7:03  Marine  
  109  7:11  SCV x3, Marine x4  
  109  7:13  Supply Depot x2  
  116  7:15  Supply Depot  
  116  7:17  Marine  
  116  7:20  Armory  
  117  7:34  SCV x2, Marine x2, Widow Mine x2  
  117  7:35  SCV, Marine x3  
  129  7:37  Supply Depot  
  129  7:38  Supply Depot  
  129  7:44  Missile Turret  
  128  7:46  SCV x2  
  128  7:47  SCV  
  109  7:59  SCV  
  109  8:01  Marine x3  
  110  8:09  Terran Infantry Weapons Level 2, Terran Infantry Armor Level 2  
  110  8:10  Terran Vehicle Weapons Level 1  
  110  8:11  Barracks  
  110  8:12  Marine  
  110  8:13  Barracks, Marine x3  
  110  8:14  Barracks  
  110  8:15  Refinery  
  110  8:16  Marine  
  110  8:18  Medivac x2  
  110  8:19  Widow Mine x2  
  119  8:26  Marine x3  
  122  8:28  Missile Turret x2  
  122  8:29  Missile Turret  
  122  8:31  Missile Turret  
  122  8:34  Command Center  
  122  8:39  Marine x4  
  122  8:40  Marauder  
  122  8:41  Concussive Shells  
  128  8:48  Medivac x2  
  132  8:56  Missile Turret  
  132  8:58  Missile Turret x3  
  124  9:12  Missile Turret  
  124  9:13  Missile Turret  
  124  9:15  Missile Turret  
  120  9:17  Marine  
  120  9:18  Marine x5  
  120  9:19  Barracks Tech Lab x2  
  120  9:20  Barracks Tech Lab  
  126  9:26  Marine x2  
  126  9:29  Marine  
  129  9:35  Supply Depot, Marine x2  
  129  9:36  Supply Depot  
  129  9:38  SCV x3  
  134  9:45  Widow Mine x2  
  134  9:50  SCV x3  
  132  10:03  Marine  
  132  10:04  Marine x7  
  132  10:05  Marine x4  
  137  10:12  Planetary Fortress  
  136  10:21  Marine x3  
  136  10:22  Marine x5  
  136  10:23  Marauder x2, Marine  
  146  10:29  Marine  
  146  10:32  Missile Turret x2  
  138  10:39  Marine x2  
  138  10:41  Marine x2, Marauder  
  138  10:42  Marine x2  
  131  10:43  Widow Mine x2, Medivac x2  
  131  10:44  Marauder  
  131  10:45  Marauder  
  131  10:48  Marauder  
  132  10:58  Starport, Marine x2  
  132  11:02  Marauder  
  136  11:05  Command Center, Terran Infantry Weapons Level 3, Terran Infantry Armor Level 3  
  136  11:06  Marauder  
  138  11:13  Medivac x2  
  142  11:19  Terran Vehicle Weapons Level 2  
  142  11:25  Marauder x2, Marine x3  
  148  11:26  Marauder, Marine x3  
  148  11:27  Liberator, Marauder  
  148  11:29  Supply Depot  
  148  11:31  Supply Depot  
  156  11:35  Widow Mine x2  
  160  11:40  Starport Reactor  
  160  11:46  Marauder  
  160  11:47  Marauder, Starport Reactor  
  167  11:52  Marine  
  167  11:53  Marauder x2  
  172  12:04  Widow Mine x2  
  172  12:08  Marauder x2, Marine x2  
  140  12:11  Marine x3  
  140  12:12  Marine x3  
  140  12:14  Marauder x2  
  140  12:15  Medivac  
  148  12:29  Marauder  
  143  12:32  Widow Mine  
  134  12:41  Marine x2  
  134  12:42  Medivac x3  
  131  12:44  Marine x2  
  131  12:45  Marine x7  
  131  12:50  Widow Mine, Marine  
  137  12:55  Refinery  
  137  12:56  Supply Depot  
  137  12:59  Planetary Fortress, Marine x2  
  137  13:01  Widow Mine  
  137  13:02  Marine x2  
  137  13:04  Marauder  
  145  13:08  Marine x3  
  145  13:09  Marauder x2  
  152  13:18  Missile Turret, Marine x3  
  152  13:19  Missile Turret  
  155  13:21  Missile Turret  
  155  13:22  Missile Turret  
  155  13:35  Marine x2  
  155  13:38  Factory  
  155  13:40  Marine x5  
  162  13:56  Marine  
  162  13:57  Marine x2  
  162  14:02  Engineering Bay  
  165  14:03  Engineering Bay  
  165  14:12  Medivac x3  
  169  14:19  Marauder, Liberator, Marine x2  
  169  14:21  Marauder, Marine  
  173  14:24  Liberator  
  173  14:28  Marine x2  
  173  14:29  Marauder, Marine  
  155  14:32  Marine x2  
  155  14:33  Marauder  
  155  14:36  Marine x2  
  137  14:38  Marine  
  137  14:40  Marine  
  137  14:42  Marine  
  124  14:46  Marine x3  
  124  14:49  Widow Mine x2  
  124  14:50  Factory Reactor, Marine x3  
  134  14:54  Marine x3  
  134  14:56  Marine, Liberator  
  134  14:58  Marine  
  139  15:00  Marine  
  139  15:04  Marine x3  
  143  15:11  Marine x2  
  144  15:17  Marine, Widow Mine x2  
  144  15:18  Marine x5  
  154  15:25  Marauder, Marine x2  
  154  15:26  Marine  
  159  15:28  Marine  
  159  15:29  Marine  
  147  15:35  Marine  
  147  15:36  Marauder x2  
  147  15:41  Marine x2  
  147  15:43  Marine x3  
  147  15:48  Liberator x2  
  141  15:51  Marine  
  141  15:55  Marine x2  
  141  15:56  Marine x2  
  142  15:57  Marine x2  
  138  16:04  Marine x3  
  138  16:05  Marine x2  
  138  16:06  Command Center  
  138  16:07  Command Center  
  138  16:09  Refinery x2, Marine  
  150  16:19  Marine x5  
  150  16:20  Marauder  
  150  16:23  Marauder  
  154  16:29  Medivac  
  154  16:30  Marine x2  
  154  16:36  Refinery  
  154  16:38  Marauder x2  
  158  16:40  Marine x2  
  158  16:42  Marine x5  
  158  16:44  Marine  
  158  16:47  Widow Mine x2  
  166  16:50  Marine x2  
  172  16:55  Medivac  
  172  16:58  Marine  
  172  16:59  Marauder x2  
  161  17:08  Marine x2  
  161  17:09  Marine x4  
  161  17:10  Marauder  
  160  17:17  Marine x3  
  160  17:20  Marine x2  
  141  17:26  Marine x3  
  141  17:27  Marine  
  142  17:33  Marine x3  
  142  17:35  Marine x2  
  142  17:36  Marauder  
  131  17:40  Marine x2  
  127  17:44  Marine x2  
  127  17:47  Marine  
  127  17:48  Marine  
  115  17:52  Marauder  
  115  17:57  Marine x5  
  115  17:58  Marine  
  122  18:01  Marine  
  122  18:02  Marine  
  125  18:06  Marine x3  
  128  18:19  Marine x4  
  130  18:20  Marine x3  
  130  18:23  SCV  
  130  18:24  SCV  
  137  18:27  Planetary Fortress  
  137  18:40  Marine x2  
  137  18:41  Marauder  
  120  18:42  Marine x3  
  120  18:43  Marine x3  
  120  18:48  Widow Mine x2  
  124  18:52  SCV x3  
  124  18:53  SCV  
  132  18:57  Marauder, Marine x2  
  126  19:03  Marine x2  
  126  19:04  Marauder  
  124  19:14  Marine  
  124  19:15  Marauder x2, Marine x2  
  124  19:16  Liberator  
  114  19:19  Marauder  
  116  19:25  Marauder  
  116  19:27  SCV x4  
  116  19:28  SCV x3  
  125  19:35  Medivac  
  125  19:36  Marauder  
  125  19:38  Medivac  
  132  19:39  SCV  
  132  19:43  Marauder, Marine  
  136  19:50  Marine x2  
  136  19:51  Marauder, Marine  
  136  19:52  Marine x2  
  143  19:55  Marine x2  
  143  19:58  Marine  
  143  19:59  Marine  
  147  20:02  Marine  
  147  20:03  Medivac  
  147  20:04  Marine  
  151  20:07  Missile Turret  
  151  20:08  Marine  
  151  20:09  Marine  
  153  20:20  Marauder, Marine x2  
  153  20:21  Marauder, Marine x2  
  158  20:23  Medivac  
  158  20:24  Medivac  
  158  20:28  Medivac  
  167  20:33  Medivac  
  169  20:35  SCV x2  
  169  20:36  SCV x2  
  173  20:48  Command Center  
  173  21:06  Marine x6  
  173  21:07  Marauder, Marine x2  
  173  21:08  Marine x3  
  173  21:09  Medivac  
  183  21:13  Refinery  
  183  21:16  Refinery  
  183  21:19  Medivac x2  
  183  21:23  Missile Turret  
  183  21:24  Missile Turret  
  187  21:26  Marauder  
  187  21:42  Marine x2  
  187  21:43  Marine x3  
  187  21:44  Marauder  
  190  21:51  Marine x2  
  190  21:52  Marauder  
  187  21:55  Marine x3  
  187  22:00  Marine x3  
  184  22:01  Marine x2  
Tags
 
Add a new tag
Caveats
  • Supply blocks, unpowered buildings, or Contaminate may cause inaccurate times.
  • Supply counts are checked every 10 seconds.